 Dungeon Crawl Stone Soup version 0.31-a0-187-gba352fbbf7 (webtiles) character file.

Game seed: 3755154640113926811

58 qw the Shooter (level 3, 0/20 HPs)
             Began as a Deep Elf Hunter on June 22, 2023.
             Slain by an orc wizard
             ... wielding a +0 dagger
              (3 damage)
             ... on level 2 of the Dungeon.
             The game lasted 00:00:31 (1413 turns).

qw the Shooter (Deep Elf Hunter)                    Turns: 1413, Time: 00:00:32

Health: 0/20       AC:  5    Str: 10    XL:     3   Next: 75%
Magic:  5/5        EV: 12    Int: 13    God:
Gold:   173        SH:  5    Dex: 18    Spells: 2/2 levels left

rFire   . . .        Y - +0 shortbow
rCold   . . .        (shield currently unavailable)
rNeg    . . .        c - +0 leather armour
rPois   .            (no helmet)
rElec   .            f - +0 cloak
rCorr   .            k - +0 pair of gloves
SInv    .            (no boots)
Will    .....        i - amulet of reflection
Stlth   ++           (no ring)
HPRegen 0.23/turn    (no ring)
MPRegen 0.09/turn

%: reflection
@: no status effects
A: no striking features
a: no special abilities


You were on level 2 of the Dungeon.
You visited 1 branch of the dungeon, and saw 3 of its levels.

You collected 173 gold pieces.


   Skills:
 - Level 1.5 Fighting
 + Level 7.2 Ranged Weapons
 - Level 2.4 Dodging
 - Level 1.2 Stealth


You had 2 spell levels left.
You didn't know any spells.
Your spell library was empty.

Inventory:

Hand Weapons
 Y - a +0 shortbow (weapon)
Armour
 c - a +0 leather armour (worn)
 f - a +0 cloak (worn)
 k - a +0 pair of gloves (worn)
Jewellery
 i - an amulet of reflection (around neck)
Scrolls
 a - a scroll of identify
Potions
 d - a potion of resistance {unknown}
 e - a potion of might {unknown}
 h - a potion of degeneration {unknown}
 j - a potion of heal wounds

Dungeon Overview and Level Annotations

Branches:
Dungeon (3/15)

Altars:

Annotations:
D:3 Jessica


Message History

Something hits you but does no damage.
Deactivating autopickup; reactivate with Ctrl-A.
You shoot an arrow.
You feel less confused. Something completely misses you.
You shoot an arrow. Something barely misses you.
You shoot an arrow. Something barely misses you.
You shoot an arrow. You block something's attack.
You shoot an arrow. You block something's attack.
You shoot an arrow. Something hits you.
You shoot an arrow. Something hits you.
You shoot an arrow.
You hear some strange, mumbled words.
A magic dart appears from out of thin air!
The magic dart hits you.
You shoot an arrow. Something hits you but does no damage.
You shoot an arrow. Something hits you.
You shoot an arrow. Something hits you but does no damage.
You shoot an arrow. Something hits you.
You shoot an arrow. Something hits you.
You shoot an arrow. Something hits you.
You shoot an arrow. You block something's attack.
You shoot an arrow. Something barely misses you.
Something hits you but does no damage.
You shoot an arrow. Something hits you.
You die...

...## ##.##..##..# #.#.#.######
....#####..........###.#.#.######
...............###..%............
....#####.#.#########..#.#.#.####
...## #.###.......##...#.#.####
#.## #.##.7##'##7.###.#.....# #.#
#.##.##...##.# #.#.....## #.#
#.##.#.7{7)#.# #.#....... #.#
#.##.#..@(.#.# #.#.....## #.#
#.##.#.7.7.#.###.#.....## #.####
#.##.##...##.#.......####
#....####.##.7#####7.#........# #
#..#......###.......###.##...## #
#....######.####'#### #.###.#####
#.#.## #.# #..# #.# #...... #...#
#.# #..## #.# ####### ###.# #.#
##..## #.# #


There were no monsters in sight!

Vanquished Creatures
  2 adders (D:2)
  2 worms (D:2)
  An orc (D:2)
  2 endoplasms
  5 giant cockroaches
  4 quokkas
  4 ball pythons
  2 bats
  A frilled lizard (D:2)
  3 kobolds
  7 rats
33 creatures vanquished.

Notes
Turn   | Place    | Note
-------+----------+-------------------------------------------
     0 | D:1      | qw the Deep Elf Hunter began the quest for the Orb.
     0 | D:1      | Reached XP level 1. HP: 12/12 MP: 3/3
     0 | D:1      | 0 ||| qw: Version: 0.3-a-9-g12657ce
     0 | D:1      | 0 ||| qw: Game counter: 2108
     0 | D:1      | 0 ||| qw: Always use a shield: true
     0 | D:1      | 0 ||| qw: God list: Okawaru
     0 | D:1      | 0 ||| qw: Allow faded altars: false
     0 | D:1      | 0 ||| qw: Do Orc after D:15 true
     0 | D:1      | 0 ||| qw: Do second Lair branch before Depths: true
     0 | D:1      | 0 ||| qw: Lair rune preference: random
     0 | D:1      | 0 ||| qw: Plans: Normal
     0 | D:1      | 0 ||| PLANNING D:1-11
   245 | D:1      | Reached XP level 2. HP: 16/16 MP: 4/4
   248 | D:1      | Reached skill level 6 in Ranged Weapons
   459 | D:1      | 459 ||| UPGRADING to amulet of reflection.
   464 | D:1      | 464 ||| READING scroll labelled BUHEBATANK.
   465 | D:1      | 465 ||| READING scroll labelled SOCHYM VUESE.
   466 | D:1      | 466 ||| READING scroll labelled XUISULA WA JIER.
   470 | D:1      | 470 ||| DRINKING 2 fizzy ruby potions.
   510 | D:1      | 510 ||| DRINKING 2 lumpy sapphire potions.
   511 | D:1      | 511 ||| DROPPING scroll of butterflies.
   512 | D:1      | 512 ||| DROPPING potion of lignification.
   588 | D:2      | Reached XP level 3. HP: 20/20 MP: 5/5
  1051 | D:2      | Reached skill level 7 in Ranged Weapons
  1244 | D:2      | 1244 ||| UPGRADING to +0 cloak.
  1249 | D:2      | 1249 ||| UPGRADING to +0 pair of gloves.
  1254 | D:2      | 1254 ||| READING scroll labelled UBATENW ISOTISTI.
  1255 | D:2      | 1255 ||| READING scroll labelled EWKA SUYFETYSARUI.
  1354 | D:3      | Noticed Jessica
  1356 | D:3      | 1356 ||| STAIRDANCE
  1373 | D:3      | 1373 ||| STAIRDANCE
  1383 | D:3      | 1383 ||| STAIRDANCE
  1392 | D:3      | 1392 ||| STAIRDANCE
  1394 | D:3      | 1394 ||| STAIRDANCE
  1410 | D:2      | HP: 2/20 [something (4)]
  1413 | D:2      | Slain by an orc wizard

Levels and vault maps discovered:
D:1:      lemuel_arrival_funnel, layout_rooms, minmay_misc_feat_secret_circle,
          minmay_misc_feat_nine_boxes, minmay_pentomino_q2
D:2:      layout_loops_ring, grunt_ministairs_11, minmay_tall_x
D:3:      layout_basic, dancing_weapons_uskayaw, moated_statue, uniq_jessica,
          uniq_terence

Skill      XL: |  1  2  3 |
---------------+----------+-----
Ranged Weapons | 6 7 |  7.2
Fighting       | |  1.5
Dodging        | |  2.4
Stealth        | |  1.2

Action                     || total
---------------------------++-------
   Fire: Shortbow          ||   106
    Use: Scroll            ||     5
         Potion            ||     2
 Armour: Leather armour    ||    13
  Dodge: Dodged            ||    20
  Block: Other             ||     9

Table legend:
 A = Non-vault XP
 B = Vault XP
 C = Vault XP percentage of total XP
 D = Non-vault monster count
 E = Vault monster count
 F = Vault count percentage of total count
                 A         B        C        D         E       F
            +---------+---------+-------+---------+---------+-------
      Total |      60 |      23 |  27.7 |      26 |       7 |  21.2
            +---------+---------+-------+---------+---------+-------
        D:1 |      16 |       1 |   5.9 |      11 |       1 |   8.3
        D:2 |      42 |      22 |  34.4 |      14 |       6 |  30.0
        D:3 |       2 |       0 |   0.0 |       1 |       0 |   0.0
            +---------+---------+-------+---------+---------+-------
